 Dungeon Crawl Stone Soup version 0.23-a0-143-g1adec7b (webtiles) character file.

2807 TheAbsoluteUnit the Covert (level 9, -8/54 HPs)
             Began as an Octopode Assassin on Sept 1, 2018.
             Was a Follower of Dithmenos.
             Killed from afar by an electric eel (9 damage)
             ... with a bolt of electricity
             ... on level 7 of the Dungeon.
             The game lasted 00:20:34 (9827 turns).

TheAbsoluteUnit the Covert (Octopode Assassin)      Turns: 9827, Time: 00:20:35

Health: -8/54      AC:  1    Str: 10    XL:     9   Next: 72%
Magic:  9/9        EV: 13    Int: 14    God:    Dithmenos [*.....]
Gold:   324        SH:  0    Dex: 16    Spells: 8/8 levels left

rFire    . . .     SeeInvis .   B - +0 rapier
rCold    . . .     Gourm    .   (no shield)
rNeg     . . .     Faith    .   (helmet restricted)
rPois    .         Spirit   .   (no amulet)
rElec    .         Reflect  .   r - ring of flight
rCorr    .         Harm     .   (no ring)
MR       .....                  (no ring)
Stlth    +++++++...             (no ring)
HPRegen  0.18/turn              (no ring)
MPRegen  0.11/turn              (no ring)
                                (no ring)
                                (no ring)

@: wreathed by umbra
A: almost no armour, stealthy swim, amphibious, 8 rings, constrict 8, camouflage
1, gelatinous body 1
a: Renounce Religion, Evoke Flight


You were on level 7 of the Dungeon.
You worshipped Dithmenos.
Dithmenos was aware of your devotion.
You were very hungry.

You visited 2 branches of the dungeon, and saw 8 of its levels.

You collected 324 gold pieces.

Inventory:

Hand Weapons
 a - a +2 dagger
 b - a +0 blowgun
 B - a +0 rapier (weapon)
 C - a +2 dagger of draining
Missiles
 c - 17 poisoned needles
 d - 2 curare-tipped needles
Jewellery
 r - a ring of flight (left tentacle)
Wands
 u - a wand of polymorph (19)
 x - a wand of disintegration (9)
 y - a wand of clouds (6)
Scrolls
 h - a scroll of amnesia {unknown}
 i - a scroll of identify
 l - 2 scrolls of enchant armour
 m - 2 scrolls of enchant weapon
 n - 3 scrolls of teleportation
 p - 2 scrolls of immolation
 t - 3 scrolls of magic mapping
 w - 9 scrolls of remove curse
Potions
 e - a potion of magic
 g - a potion of cancellation {unknown}
 j - 2 potions of lignification {unknown}
 k - 3 potions of brilliance
 o - 7 potions of curing
 q - 2 potions of haste {unknown}
 s - a potion of invisibility {unknown}
 z - a potion of agility {unknown}
 A - a potion of might {unknown}
Comestibles
 f - 13 rations


   Skills:
 - Level 2.0 Fighting
 * Level 10.8 Short Blades
 - Level 2.0 Throwing
 - Level 1.0 Dodging
 + Level 11.6 Stealth


You had 8 spell levels left.
You didn't know any spells.
Your spell library contained the following spells:

 Spells                   Type           Power        Failure   Level  Hunger
 Animate Skeleton         Necr           N/A          28%         1    ##.....
 Apportation              Tloc           #.....       28%         1    ##.....
 Confusing Touch          Hex            #.....       28%         1    ##.....
 Summon Small Mammal      Summ           #...         28%         1    ##.....


Dungeon Overview and Level Annotations

Branches:
Dungeon (7/15)             Temple (1/1) D:4

Altars:
Ashenzari
Cheibriados
Dithmenos
Elyvilon
Fedhas
Gozag
Hepliaklqana
Kikubaaqudgha
Makhleb
Nemelex Xobeh
Okawaru
Qazlal
Ru
Sif Muna
Trog
Uskayaw
Vehumet
Wu Jian
Xom
Yredelemnul
Zin
The Shining One

Shops:
D:6 :


Innate Abilities, Weirdness & Mutations

You cannot wear most types of armour.
You are very stealthy in the water. (Stealth+)
You are amphibious.
You can wear up to eight rings at the same time.
You can use your tentacles to constrict eight enemies at once.
Your skin changes colour to match your surroundings (Stealth+).
Your rubbery body absorbs attacks. (AC +1, EV +1)


Message History

An electric eel comes into view.
The electric eel shoots out a bolt of lightning at you!
The bolt of electricity hits you!
The electric eel shoots out a bolt of lightning at you!
The bolt of electricity hits you! x2
The electric eel shoots out a bolt of lightning at you!
The bolt of electricity hits you!
The electric eel shoots out a bolt of lightning at you!
The bolt of electricity hits the electric eel.
The electric eel completely resists.
The bolt of electricity hits you!
* * * LOW HITPOINT WARNING * * *
The electric eel shoots out a bolt of lightning at you!
The bolt of electricity hits the electric eel.
The electric eel completely resists.
The bolt of electricity misses you.
The electric eel shoots out a bolt of lightning at you!
The bolt of electricity hits you!
* * * LOW HITPOINT WARNING * * *
The electric eel shoots out a bolt of lightning at you!
The bolt of electricity hits you!
You die...

#........#
########
#........#
#####....#
#.#..#
#.#.##
#.#.#
####'###
#......#
#.≈≈≈≈@#
#[≈≈≈≈.#
#.≈≈≈≈.#
#.≈≈≈≈.#
#r≈≈≈;.#
#.≈≈≈≈.#
#.≈≈≈≈.#
#.≈;≈≈.#
#.≈≈≈≈.#


You could see 2 electric eels and a quokka.

Vanquished Creatures
  Prince Ribbit (D:6)
  2 hippogriffs (D:7)
  Eustachio (D:6)
  A phantom (D:3)
  4 ogres
  3 ice beasts
  A centaur (D:6)
  2 bullfrogs (D:7)
  Blork the orc (D:6)
  A wyvern skeleton (D:6)
  3 scorpions
  3 killer bees (D:7)
  3 howler monkeys
  A bullfrog zombie (D:5)
  2 crimson imps
  2 hounds
  2 jellies (D:7)
  An orc priest (D:4)
  4 iguanas
  3 worker ants
  A hound skeleton (D:4)
  A worker ant zombie (D:6)
  3 gnolls (D:4)
  12 adders
  An ooze (D:2)
  An adder zombie (D:6)
  3 adder skeletons
  2 worms (D:4)
  A dart slug (D:4)
  2 leopard geckos
  9 orcs
  6 giant cockroaches
  11 goblins
  7 hobgoblins
  9 jackals
  10 kobolds
  4 quokkas
  8 bats
  2 frilled lizards
  A quokka skeleton (D:6)
  4 rats
139 creatures vanquished.

Notes
Turn   | Place    | Note
-------+----------+-------------------------------------------
     0 | D:1      | TheAbsoluteUnit the Octopode Assassin began the quest for
                  | the Orb.
     0 | D:1      | Reached XP level 1. HP: 14/14 MP: 1/1
   257 | D:1      | Reached XP level 2. HP: 19/19 MP: 2/2
   610 | D:1      | Reached XP level 3. HP: 23/24 MP: 3/3
  1193 | D:2      | Reached skill level 6 in Stealth
  1226 | D:2      | Found a glowing golden altar of the Shining One.
  1405 | D:2      | Reached XP level 4. HP: 29/29 MP: 4/4
  1476 | D:2      | Found a hazy altar of Hepliaklqana.
  1790 | D:3      | Noticed a phantom
  1807 | D:3      | Killed a phantom
  1807 | D:3      | Reached XP level 5. HP: 21/34 MP: 5/5
  2201 | D:3      | Found a stormy altar of Qazlal.
  2314 | D:3      | Reached skill level 7 in Stealth
  2330 | D:3      | Reached skill level 5 in Short Blades
  2548 | D:3      | Reached XP level 6. HP: 39/39 MP: 6/6
  2914 | D:4      | HP: 1/39 [iguana (10)]
  3964 | D:4      | Reached XP level 7. HP: 16/45 MP: 7/7
  4258 | D:4      | Reached skill level 8 in Stealth
  4959 | D:4      | Found a staircase to the Ecumenical Temple.
  4983 | Temple   | Entered the Ecumenical Temple
  5063 | Temple   | Became a worshipper of Dithmenos the Shadowed
  5228 | D:5      | Entered Level 5 of the Dungeon
  5291 | D:5      | Found a shattered altar of Ashenzari.
  5302 | D:5      | Reached XP level 8. HP: 32/50 MP: 8/8
  5411 | D:5      | Found an ornate altar of the Wu Jian Council.
  5425 | D:5      | Reached skill level 9 in Stealth
  5594 | D:5      | Found a shimmering altar of Xom.
  6159 | D:5      | Found a shattered altar of Ashenzari.
  6947 | D:6      | Noticed Blork the orc
  7058 | D:6      | Killed Blork the orc
  7173 | D:6      | Noticed Prince Ribbit
  7183 | D:6      | Killed Prince Ribbit
  7183 | D:6      | Reached skill level 10 in Stealth
  7515 | D:6      | Found Fithuibae's Book Emporium.
  7534 | D:6      | Found a bloodstained altar of Trog.
  7703 | D:6      | Reached * piety under Dithmenos
  8036 | D:6      | Reached XP level 9. HP: 50/54 MP: 9/9
  8219 | D:6      | Found a blossoming altar of Fedhas.
  8289 | D:6      | Noticed Eustachio
  8301 | D:6      | Killed Eustachio
  8754 | D:7      | Reached skill level 10 in Short Blades
  8846 | D:7      | Reached skill level 11 in Stealth
  9827 | D:7      | HP: 1/54 [electric eel/bolt of electricity (11)]
  9827 | D:7      | Killed from afar by an electric eel

Vault maps used:
D:1:      minmay_arrival_stone_box, serial_bayou_crossing
D:2:      marbit_many_paths, lemuel_round_altar, st_stairs_13,
          nrook_mini_backslash, solitary_fountain
D:3:      lemuel_crystal_altar
D:4:      temple_doors_cd, minmay_liquid_box, minmay_joined_circles
D:5:      grunt_temple_overflow_open, first_ration, hangedman_feature_mirror
D:6:      lemuel_round_altar, serial_shops, kennysheep_little_box,
          fedhas_altar_2, uniq_eustachio, uniq_prince_ribbit1,
          uniq_blork_the_orc
D:7:      nrook_pool_corridor
Temple:   nicolae_temple_x_marks_the_god

Skill      XL: |  1  2  3  4  5  6  7  8  9 |
---------------+----------------------------+-----
Short Blades   | 3 4 5 6 7 9 10 | 10.8
Stealth        | 6 7 8 10 11 | 11.6
Fighting       | |  2.0
Throwing       | |  2.0
Dodging        | |  1.0

Action                   |  1- 3 |  4- 6 |  7- 9 || total
-------------------------+-------+-------+-------++-------
Melee: Dagger            |    61 |    97 |   114 ||   272
       Constrict         |    12 |    18 |    35 ||    65
       Tentacles         |     5 |    24 |    48 ||    77
       Rapier            |       |       |   148 ||   148
 Fire: Blowgun           |       |     4 |     2 ||     6
Evoke: Wand              |       |       |     1 ||     1
  Use: Scroll            |       |       |    14 ||    14
       Potion            |       |       |     4 ||     4
 Stab: Sleeping          |    14 |    20 |    21 ||    55
  Eat: Chunk             |     1 |     8 |    14 ||    23
       Ration            |       |       |     1 ||     1
Armor: Skin              |     4 |     3 |     6 ||    13
Dodge: Dodged            |    33 |    31 |   131 ||   195

Table legend:
 A = Non-vault XP
 B = Vault XP
 C = Vault XP percentage of total XP
 D = Non-vault monster count
 E = Vault monster count
 F = Vault count percentage of total count
                 A         B        C        D         E       F
            +---------+---------+-------+---------+---------+-------
      Total |    3027 |     984 |  24.5 |     126 |      13 |   9.4
            +---------+---------+-------+---------+---------+-------
        D:1 |      38 |       0 |   0.0 |      21 |       0 |   0.0
        D:2 |      46 |      14 |  23.3 |      19 |       2 |   9.5
        D:3 |     280 |       0 |   0.0 |      19 |       0 |   0.0
        D:4 |     382 |     323 |  45.8 |      21 |       7 |  25.0
        D:5 |     410 |      76 |  15.6 |      12 |       1 |   7.7
        D:6 |     576 |     571 |  49.8 |      18 |       3 |  14.3
        D:7 |    1295 |       0 |   0.0 |      16 |       0 |   0.0
            +---------+---------+-------+---------+---------+-------
